 Dungeon Crawl Stone Soup version 0.25.0-11-g1f837a76a1 (webtiles) character file.

Game seed: 5896263988669484001

571 Curus the Chopper (level 7, -9/57 HPs)
             Began as a Minotaur Abyssal Knight on June 24, 2020.
             Was a Priest of Lugonu.
             Mangled by Prince Ribbit (10 damage)
             ... on level 5 of the Dungeon.
             The game lasted 00:25:43 (5044 turns).

Curus the Chopper (Minotaur Abyssal Knight)         Turns: 5044, Time: 00:25:44

Health: -9/57      AC:  8    Str: 16    XL:     7   Next: 11%
Magic:  10/10      EV:  5    Int:  9    God:    Lugonu [***...]
Gold:   153        SH:  0    Dex: 12    Spells: 6/6 levels left

rFire    . . .     SeeInvis .   l - +1 war axe
rCold    . . .     Gourm    .   (no shield)
rNeg     . . .     Faith    .   h - +1 plate armour
rPois    .         Spirit   .   (helmet restricted)
rElec    .         Reflect  .   (no cloak)
rCorr    .         Harm     .   (no gloves)
MR       +....     Clarity  +   (no boots)
Stlth    ..........             k - amulet of magic regeneration
HPRegen  0.19/turn              g - -4 ring of protection (curse)
MPRegen  0.37/turn              (no ring)

@: no status effects
A: retaliatory headbutt, horns 2, clarity, magic resistance 1, sense
surroundings 2
a: Depart the Abyss, Bend Space, Banish, Renounce Religion


You were on level 5 of the Dungeon.
You worshipped Lugonu.
Lugonu was most pleased with you.
You were not hungry.

You visited 1 branch of the dungeon, and saw 5 of its levels.
You visited the Abyss 1 time.

You collected 153 gold pieces.

Inventory:

Hand Weapons
 a - a +1 hand axe
 d - the cursed +2 mace "Hebohoi" {drain, rF+}
   (You found it on level 4 of the Dungeon)

   A truly terrible weapon, it drains the life of those it strikes.
   It protects you from fire.
   It has a curse placed upon it.
 l - a +1 war axe (weapon)
Armour
 b - a +0 leather armour
 e - a +0 ring mail
 h - a +1 plate armour (worn)
Jewellery
 g - a cursed -4 ring of protection (left hand)
 k - an amulet of magic regeneration (around neck)
Scrolls
 j - 3 scrolls of identify
Potions
 i - 2 potions of ambrosia
 m - a potion of flight
 n - a potion of curing
Comestibles
 c - 9 rations


   Skills:
 - Level 3.6 Fighting
 + Level 6.9 Axes
 - Level 2.4 Armour
 - Level 1.1 Dodging
 + Level 5.6 Invocations


You had 6 spell levels left.
You didn't know any spells.
Your spell library was empty.

Dungeon Overview and Level Annotations

Branches:
Dungeon (5/15)             Temple (0/1) D:4

Altars:
Dithmenos
Fedhas
Kikubaaqudgha
Makhleb
Nemelex Xobeh

Annotations:
D:5 Prince Ribbit


Innate Abilities, Weirdness & Mutations

You reflexively headbutt those who attack you in melee.
You have a pair of horns on your head.
You possess an exceptional clarity of mind.
You are resistant to hostile enchantments. (MR+)
You passively map the area around you.


Message History

The orc is almost dead.
The orc barely misses you.
You slash the orc!
You kill the orc!
Lugonu accepts your kill.
Your plate armour prevents you from hitting the worker ant zombie.
The worker ant zombie is severely damaged.
The worker ant zombie bites you.
* * * LOW HITPOINT WARNING * * *
Your plate armour prevents you from hitting the worker ant zombie.
The worker ant zombie is severely damaged.
The worker ant zombie bites you but does no damage.
You closely miss Prince Ribbit. Prince Ribbit hits you.
* * * LOW HITPOINT WARNING * * *
You hit Prince Ribbit.
Prince Ribbit is lightly wounded.
Prince Ribbit hits you!
* * * LOW HITPOINT WARNING * * *
Prince Ribbit hits you!
You die...

* * , ######### .#* *
#.......##############...
,
#........ZF@.............
#........########<.....#
,
#.......#########.######
#........#.....##.# *, *
###.......SZ....#.# * ,
#..§.....Z.......# ,
#.............†.## *,
#.......o....=..# ,
#.%.............# *


You could see Prince Ribbit and a worker ant zombie.

Vanquished Creatures
  A gnoll shaman (D:4)
  4 orc wizards
  A centaur skeleton (D:4)
  An orc priest (D:4)
  An iguana (D:3)
  A hound skeleton (D:5)
  A howler monkey zombie (D:5)
  5 gnolls (D:4)
  12 adders
  A shadow imp (D:5)
  3 oozes
  An adder skeleton (D:4)
  2 worms
  A dart slug (D:1)
  2 leopard geckos
  23 orcs
  A ball python (D:1)
  7 bats
  7 giant cockroaches
  10 goblins
  11 hobgoblins
  3 jackals (D:2)
  13 kobolds
  2 quokkas (D:2)
  5 frilled lizards
  8 rats
127 creatures vanquished.

Notes
Turn   | Place    | Note
-------+----------+-------------------------------------------
     0 | Abyss:1  | Curus the Minotaur Abyssal Knight began the quest for the
                  | Orb.
     0 | Abyss:1  | Reached XP level 1. HP: 19/19 MP: 1/1
    40 | Abyss:1  | Gained mutation: Your magical capacity is low. (-10% MP)
                  | [potion of mutation]
    40 | Abyss:1  | Gained mutation: You are dopey. (Int -2) [potion of
                  | mutation]
    40 | Abyss:1  | Gained mutation: You are clumsy. (Dex -2) [potion of
                  | mutation]
    40 | Abyss:1  | Gained mutation: You are robust. (+10% HP) [potion of
                  | mutation]
    81 | D:1      | Escaped the Abyss
   345 | D:1      | Reached XP level 2. HP: 28/28 MP: 2/2
   354 | D:1      | Reached skill level 3 in Axes
   989 | D:1      | Reached XP level 3. HP: 33/34 MP: 3/3
  1023 | D:1      | Reached ** piety under Lugonu
  1375 | D:1      | Lost mutation: You are dopey. (Int -2) [potion of mutation]
  1375 | D:1      | Lost mutation: Your magical capacity is low. (-10% MP)
                  | [potion of mutation]
  1375 | D:1      | Lost mutation: You are clumsy. (Dex -2) [potion of
                  | mutation]
  1375 | D:1      | Lost mutation: You are robust. (+10% HP) [potion of
                  | mutation]
  1375 | D:1      | Gained mutation: You are resistant to hostile enchantments.
                  | (MR+) [potion of mutation]
  1375 | D:1      | Gained mutation: You possess an exceptional clarity of
                  | mind. [potion of mutation]
  1375 | D:1      | Gained mutation: You passively map a small area around you.
                  | [potion of mutation]
  1375 | D:1      | Gained mutation: You passively map the area around you.
                  | [potion of mutation]
  1524 | D:2      | Reached skill level 4 in Axes
  1702 | D:2      | Reached XP level 4. HP: 22/39 MP: 5/5
  2060 | D:2      | Found a shadowy altar of Dithmenos.
  2061 | D:2      | Found a blossoming altar of Fedhas.
  2707 | D:3      | Reached XP level 5. HP: 45/45 MP: 6/6
  2709 | D:3      | Found an ancient bone altar of Kikubaaqudgha.
  3089 | D:3      | Reached skill level 5 in Axes
  3397 | D:3      | Reached *** piety under Lugonu
  3847 | D:4      | Found a staircase to the Ecumenical Temple.
  3902 | D:4      | Reached XP level 6. HP: 48/51 MP: 8/8
  4001 | D:4      | Found a burning altar of Makhleb.
  4063 | D:4      | Reached skill level 6 in Axes
  4332 | D:4      | Reached skill level 5 in Invocations
  4378 | D:4      | Found a sparkling altar of Nemelex Xobeh.
  4508 | D:4      | HP: 2/51 [gnoll shaman/+0 whip (2)]
  4888 | D:4      | Got a twisted mace
  4974 | D:4      | Identified the cursed +2 mace "Hebohoi" {drain, rF+} (You
                  | found it on level 4 of the Dungeon)
  4976 | D:5      | Entered Level 5 of the Dungeon
  4994 | D:5      | Reached XP level 7. HP: 57/57 MP: 10/10
  4996 | D:5      | Noticed Prince Ribbit
  5044 | D:5      | HP: 1/57 [Prince Ribbit (9)]
  5044 | D:5      | Mangled by Prince Ribbit

Illustrated notes

Levels and vault maps discovered:
D:1:      minmay_arrival_loop, layout_basic, minmay_misc_feat_five
D:2:      layout_basic, gammafunk_temple_overflow_pools, serial_park_tiny_1
D:3:      minmay_octagon_keep, layout_basic, nicolae_overflow_crystal_walls
D:4:      layout_loops_cross, marbit_many_paths, minmay_temple_entry_junction_2,
          bloody_makhleb
D:5:      layout_rooms, first_ration, uniq_prince_ribbit1, uniq_duvessa

Skill      XL: |  1  2  3  4  5  6 |
---------------+-------------------+-----
Invocations    | 2 3 4 5 |  5.6
Axes           | 3 4 5 6 |  6.9
Fighting       | |  3.6
Armour         | |  2.4
Dodging        | |  1.1

Action                   |  1- 3 |  4- 6 |  7- 9 || total
-------------------------+-------+-------+-------++-------
Melee: Hand axe          |    86 |     5 |       ||    91
       Headbutt          |    10 |    38 |     4 ||    52
       War axe           |       |   206 |    36 ||   242
  Use: Scroll            |     3 |     7 |       ||    10
       Potion            |     5 |     7 |       ||    12
  Eat: Chunk             |     2 |    11 |       ||    13
Armor: Ring mail         |     6 |       |       ||     6
       Plate armour      |    36 |   145 |    29 ||   210
Dodge: Dodged            |    33 |    45 |    10 ||    88
